 Dungeon Crawl Stone Soup version 0.31.0-11-ge490571c62 (webtiles) character file.

Game seed: 16020236538475835406

11207 sanka the Spry (level 11, -9/70 (81) HPs)
             Began as a Merfolk Alchemist on Feb 9, 2024.
             Was a High Priest of Hepliaklqana.
             Mangled by a laughing skull (11 damage)
             ... in a Gauntlet.
             The game lasted 00:32:23 (11125 turns).

sanka the Spry (Merfolk Alchemist)                 Turns: 11125, Time: 00:32:23

HP:   -9/70 (81)    AC: 10    Str:  9    XL:     11   Next: 74%
MP:   10/17         EV: 19    Int: 19    God:    Hepliaklqana [*****.]
Gold: 623           SH:  0    Dex: 14    Spells: 5/19 levels left

rFire   + . .        q - +0 short sword (elec)
rCold   . . .        (no shield)
rNeg    . . .        r - +0 steam dragon scales
rPois   .            (no helmet)
rElec   .            g - +0 cloak
rCorr   +            I - +1 pair of gloves {Stlth+}
SInv    .            G - +1 pair of boots {Fly}
Will    .....        a - amulet of regeneration
Stlth   +++          s - ring of protection from fire
HPRegen 1.11/turn    k - ring of resist corrosion
MPRegen 0.15/turn

%: no teleportation
@: flying, heavily drained
A: reduced essence, (nimble swimmer 2), mertail
a: Renounce Religion, Recall Ancestor, Ancestor Identity, Transference, Idealise


You were in a Gauntlet.
You worshipped Hepliaklqana.
Hepliaklqana was extremely pleased with you.
You visited 2 branches of the dungeon, and saw 12 of its levels.
You also visited: Bailey and Gauntlet.

You collected 623 gold pieces.


Innate Abilities, Weirdness & Mutations

Your life essence is reduced to manifest your ancestor. (-10% HP)
((You are very nimble when in or above water. (Stealth+, EV+, Speed+++)))
Your lower body shifts to a powerful aquatic tail in water.


   Skills:
 - Level 10.0 Fighting
 - Level 15.0 Dodging
 - Level 2.1 Stealth
 + Level 4.5 Spellcasting
 - Level 1.0 Conjurations
 + Level 3.0 Fire Magic
 + Level 0.0 Air Magic
 + Level 12.3 Alchemy


You had 5 spell levels left.
You knew the following spells:

 Your Spells              Type           Power      Damage    Failure   Level
c - Mephitic Cloud        Conj/Alch/Air  21%        N/A       6%          3
x - Sticky Flame          Fire/Alch      33%        2d7       5%          4
y - Cigotuvi's Dreadful   Necr/Alch/Air  40%        N/A       3%          2
z - Sting                 Conj/Alch      100%       1d9       1%          1
X - Olgreb's Toxic Radia  Alch           51%        N/A       1%          4

Your spell library contained the following spells:

 Spells                   Type           Power      Damage    Failure   Level
 Mercury Vapours          Alch/Air       54%        N/A       1%          2
 Static Discharge         Conj/Air       12%        3-4/arc   16%         2
 Ensorcelled Hibernation  Hex/Ice        8%         N/A       21%         2
 Volatile Blastmotes      Fire/Tloc      20%        2d11      22%         3
 Dazzling Flash           Conj/Hex       12%        N/A       32%         3
 Passwall                 Erth           4%         N/A       36%         3
 Swiftness                Air            4%         N/A       36%         3
 Tukima's Dance           Hex            4%         N/A       36%         3
 Iskenderun's Mystic Bla  Conj/Tloc      6%         2d4       71%         4
 Airstrike                Air            2%         2d(1-17)  78%         4
 Dimensional Bullseye     Hex/Tloc       2%         N/A       78%         4
 Dispel Undead            Necr           4%         3d7       78%         4
 Martyr's Knell           Necr/Summ      4%         N/A       78%         4
 Summon Lightning Spire   Summ/Air       4%         N/A       78%         4
 Death Channel            Necr           2%         N/A       100%        6
 Starburst                Conj/Fire      5%         6d4       100%        6
 Maxwell's Capacitive Co  Air            2%         ∞         100%        8

Inventory:

Hand Weapons
 q - a +0 short sword of electrocution (weapon)
Missiles
 y - 8 curare-tipped darts {=f}
Armour
 g - a +0 cloak (worn)
 r - +0 steam dragon scales (worn)
 F - a +3 leather armour of poison resistance
 G - a +1 pair of boots of flying (worn)
 I - a +1 pair of gloves of stealth (worn)
Jewellery
 a - an amulet of regeneration (around neck)
 k - a ring of resist corrosion (right hand)
 s - a ring of protection from fire (left hand)
 N - a ring of protection from fire
Wands
 j - a wand of iceblast (16)
 w - a wand of paralysis (8)
 B - a wand of mindburst (14)
 C - a wand of polymorph (9)
 E - a wand of quicksilver (12)
 M - a wand of flame (80)
Scrolls
 d - a scroll of amnesia {unknown}
 e - 2 scrolls of vulnerability {!r}
 f - 2 scrolls of noise {!r}
 h - a scroll of acquirement {unknown}
 i - a scroll of revelation
 n - 2 scrolls of silence {!r}
 p - 3 scrolls of enchant weapon
 t - a scroll of fog {unknown}
 v - 4 scrolls of teleportation {@r4}
 A - a scroll of torment {unknown}
 H - a scroll of enchant armour {unknown}
 L - a scroll of fear {unknown}
Potions
 b - 2 potions of magic
 c - 2 potions of might {unknown}
 l - 3 potions of haste {unknown}
 m - a potion of degeneration {unknown}
 o - 2 potions of curing {unknown}
 u - a potion of lignification {unknown}
 x - 2 potions of brilliance {unknown}
 z - a potion of attraction {unknown}
 D - 4 potions of enlightenment
 J - a potion of berserk rage {unknown}
 O - a potion of cancellation {unknown}
 P - 2 potions of heal wounds {@q2}

Dungeon Overview and Level Annotations

Branches:
Dungeon (12/15)            Temple (1/1) D:6            Lair (0/5) D:8
 Bailey (visited)         Gauntlet (1/1)
    Orc: D:9-12

Altars:
Ashenzari
Cheibriados
Dithmenos
Elyvilon
Fedhas
Gozag
Hepliaklqana
Kikubaaqudgha
Makhleb
Nemelex Xobeh
Okawaru
Qazlal
Ru
Sif Muna
Trog
Uskayaw
Vehumet
Wu Jian
Xom
Yredelemnul
Zin
The Shining One

Annotations:
D:8 2 transporters, diceflayer's ghost, novice DsFi Gauntlet 13 transporters

▒▒▒≈.....▒▒▒▒▒▒▒.▒▒▒▒▒▒▒.
▒8▒......▒©...........©▒.
▒▒▒..▒▒▒▒▒▒▒▒▒▒▒▒▒▒▒▒▒▒▒▒
▒..▒...▒.▒...▒≈▒b......
▒▒▒..▒..▒...▒..▒≈▒h.▒▒.▒▒
▒8▒..▒.▒▒...▒▒.▒≈▒.▒▒...▒
▒▒▒..▒▒.z▒.▒..▒▒≈▒.▒.....
▒..▒..zzRz§°°▒8▒..h.©..
▒▒▒..▒▒.m▒z▒..▒▒≈▒.▒.....
▒8▒..▒.▒▒▒▒▒▒▒.▒≈▒b▒▒...▒
▒▒▒..▒z.▒...▒..▒#▒hb▒▒.▒▒
▒..▒zz[?©.(z.▒≈▒hh.}©h[
▒▒▒..▒▒▒▒▒▒▒▒▒▒▒▒▒▒▒▒▒▒▒▒
▒8▒......▒©...........©▒.
▒▒▒≈.....▒▒▒▒▒▒▒.▒▒▒▒▒▒▒.
▒▒▒▒▒........▒.▒.......
▒8▒........▒.▒▒▒▒▒▒▒▒


You could see the friendly Ur-Dumizida the knight, a weeping skull (distracted,
ally target) and 3 laughing skulls.


Message History

The laughing skull completely resists.
Ur-Dumizida blocks the weeping skull's attack.
Unknown command.
Okay, then.
Unknown command.
You are engulfed in excruciating misery.
* * * LOW HITPOINT WARNING * * *
The laughing skull closely misses you.
The laughing skull headbutts Ur-Dumizida.
Ur-Dumizida blocks the laughing skull's attack.
Ur-Dumizida barely misses the laughing skull.
The laughing skull closely misses Ur-Dumizida.
The weeping skull's misery bubbles over.
The wave of grief passes through you.
The wave of grief passes through Ur-Dumizida.
Ur-Dumizida completely resists.
The wave of grief passes through the laughing skull.
The laughing skull completely resists.
The laughing skull cackles spitefully.
The bolt of negative energy misses Ur-Dumizida.
The bolt of negative energy misses you.
The bolt of negative energy hits the weeping skull.
The weeping skull completely resists.
The laughing skull headbutts you!
* * * LOW HITPOINT WARNING * * *
Unknown command.
The laughing skull attacks as it pursues you!
The laughing skull headbutts you!
You die...
The laughing skull crumbles to pieces from sheer joy.

Action                     |  1- 3 |  4- 6 |  7- 9 | 10-12 || total
---------------------------+-------+-------+-------+-------++-------
  Melee: Unarmed           |     7 |       |       |       ||     7
         Short sword       |       |    12 |    75 |   156 ||   243
         Tailslap          |       |       |     1 |     1 ||     2
         Punch             |       |       |       |     2 ||     2
   Cast: Sting             |    72 |    38 |    20 |       ||   130
         Olgreb's Toxic Ra |       |     4 |    31 |    38 ||    73
         Sticky Flame      |       |       |    13 |    28 ||    41
 Invoke: Ancestor Life: Kn |     1 |       |       |       ||     1
         Recall Ancestor   |       |     1 |       |     1 ||     2
  Evoke: Wand              |       |       |     7 |       ||     7
    Use: Scroll            |       |       |       |     7 ||     7
         Potion            |       |       |       |     1 ||     1
   Stab: Sleeping          |       |       |     1 |       ||     1
         Distracted        |       |       |       |     2 ||     2
 Armour: Robe              |     6 |     6 |    48 |       ||    60
         Steam dragon scal |       |       |    12 |   135 ||   147
  Dodge: Dodged            |    22 |    10 |    75 |   186 ||   293

Levels and vault maps discovered:
D:1:      evilmike_arrival_plus, layout_basic, basic_ecumenical_altar,
          minmay_quantized
D:2:      layout_basic, corexii_shack, chequers_serial_rivers_large_a
D:3:      layout_loops_corners, lemuel_doored_altar,
          chequers_serial_rivers_micro_d, kennysheep_flooded_box
D:4:      layout_basic, vehumet_crystals, grunt_ministairs_1, uniq_grinder
D:5:      gammafunk_wand_slinger, layout_basic, mainiacjoe_overflow_24_doors,
          mainiacjoe_overflow_brackets, lemuel_crystal_altar,
          nemelex_xobeh_ov_fountains_minmay, grunt_temple_overflow_open
D:6:      layout_loops_ring, nicolae_ru_awakened_eye,
          mainiacjoe_overflow_tiny_flanked, chequers_temple_overflow_minitemple,
          minmay_temple_entry_hall, uniq_pikel
D:7:      layout_loops_cross, chequers_garden
D:8:      layout_loops_ring, mainiacjoe_overflow_surrounded_room,
          due_lair_maze_entry_diamond, enter_bailey_3,
          gammafunk_ghost_berserking_beasts, minmay_crystal_water,
          chequers_serial_rivers_micro_e, uniq_joseph, uniq_maurice
D:9:      cheibrodos_iron_armory, layout_loops_ring
D:11:     layout_cave_pools, gauntlet_entry_generic, nzn_wu_jian_council_hall
D:12:     layout_layer_cave, serial_glass, glass_columns_c, glass_columns_a,
          kennysheep_generic_room_9, uniq_urug, uniq_azrael
Temple:   hellmonk_temple_two_chambers
Gauntlet: gammafunk_gauntlet_branching [gammafunk_gauntlet_arena_open,
          gammafunk_gauntlet_arena_spirals, gammafunk_gauntlet_arena_chambers,
          gammafunk_gauntlet_arena_split_diamond,
          gammafunk_gauntlet_arena_crates, gammafunk_gauntlet_arena_teeth,
          nicolae_gauntlet_swirl, nicolae_gauntlet_arena_x,
          gauntlet_exit_watery]

Notes
Turn   | Place    | Note
-------+----------+-------------------------------------------
     0 | D:1      | sanka the Merfolk Alchemist began the quest for the Orb.
     0 | D:1      | Reached XP level 1. HP: 13/13 MP: 3/3
    15 | D:1      | Reached skill level 1 in Conjurations
   267 | D:1      | Found a faded altar of an unknown god.
   322 | D:1      | Prayed at the altar of an unknown god.
   322 | D:1      | Became a worshipper of Hepliaklqana the Forgotten
   322 | D:1      | Reached * piety under Hepliaklqana
   334 | D:1      | Reached XP level 2. HP: 9/17 MP: 0/5
   728 | D:2      | Reached skill level 5 in Alchemy
   731 | D:2      | Reached XP level 3. HP: 21/21 MP: 1/6
  1167 | D:2      | Reached ** piety under Hepliaklqana
  1168 | D:2      | Remembered your ancestor Ur-Dumizida as a knight
  1744 | D:3      | Reached skill level 6 in Alchemy
  1993 | D:3      | Reached XP level 4. HP: 21/27 MP: 1/7
  2056 | D:2      | Learned a level 4 spell: Olgreb's Toxic Radiance
  2445 | D:3      | Found a basalt altar of Yredelemnul.
  2543 | D:3      | Reached skill level 7 in Alchemy
  2778 | D:3      | Reached XP level 5. HP: 31/31 MP: 0/8
  2914 | D:4      | Noticed Grinder
  2966 | D:4      | Noticed an ogre
  2974 | D:4      | Killed an ogre
  2975 | D:4      | Reached skill level 8 in Alchemy
  3132 | D:4      | Found a radiant altar of Vehumet.
  3139 | D:4      | Noticed an ogre
  3146 | D:4      | Killed an ogre
  3147 | D:4      | Reached skill level 9 in Alchemy
  3147 | D:4      | Reached XP level 6. HP: 36/36 MP: 3/9
  3285 | D:4      | Reached *** piety under Hepliaklqana
  3414 | D:4      | Killed Grinder
  3415 | D:4      | Reached skill level 10 in Alchemy
  3415 | D:4      | Reached skill level 3 in Spellcasting
  3415 | D:4      | Reached XP level 7. HP: 41/41 MP: 9/11
  3976 | D:5      | Entered Level 5 of the Dungeon
  4089 | D:5      | Reached skill level 4 in Spellcasting
  4089 | D:5      | Reached skill level 1 in Fire Magic
  4091 | D:5      | Found an opulent altar of Gozag.
  4207 | D:5      | Learned a level 4 spell: Sticky Flame
  4228 | D:5      | Found an ornate altar of the Wu Jian Council.
  4251 | D:5      | Reached skill level 2 in Fire Magic
  4251 | D:5      | Reached XP level 8. HP: 36/46 MP: 4/14
  4356 | D:5      | Found a hide-covered altar of Uskayaw.
  4360 | D:5      | Found a glowing silver altar of Zin.
  4436 | D:5      | Found a white marble altar of Elyvilon.
  4650 | D:5      | Found a sparkling altar of Nemelex Xobeh.
  4950 | D:5      | Found a transporter.
  5013 | D:5      | Found a transporter.
  5460 | D:6      | Reached skill level 3 in Fire Magic
  5460 | D:6      | Reached skill level 11 in Alchemy
  5706 | D:6      | Reached skill level 12 in Alchemy
  5706 | D:6      | Reached skill level 1 in Fighting
  5706 | D:6      | Reached skill level 3 in Dodging
  5715 | D:6      | Reached skill level 2 in Fighting
  5715 | D:6      | Reached skill level 4 in Dodging
  5817 | D:6      | Identified the amulet "Izumaivo" {Reflect Will+ MP-9 Str+8
                  | Int-2 SH+5}
  5842 | D:6      | Found a staircase to the Ecumenical Temple.
  5895 | D:6      | Found a sacrificial altar of Ru.
  5991 | D:6      | Reached XP level 9. HP: 55/55 MP: 10/15
  6084 | D:6      | Reached skill level 3 in Fighting
  6109 | D:6      | Found a shimmering blue altar of Sif Muna.
  6151 | D:6      | Identified +0 steam dragon scales
  6152 | D:6      | Reached skill level 5 in Dodging
  6284 | D:6      | Noticed Pikel
  6291 | D:6      | Killed Pikel
  6292 | D:6      | Reached skill level 5 in Fighting
  6292 | D:6      | Reached skill level 6 in Dodging
  6471 | D:6      | Reached skill level 7 in Dodging
  6614 | D:6      | Found a hazy altar of Hepliaklqana.
  6614 | D:6      | Found a snail-covered altar of Cheibriados.
  6622 | D:6      | Found a shimmering altar of Xom.
  6624 | D:6      | Found a glowing golden altar of the Shining One.
  6626 | D:6      | Found an iron altar of Okawaru.
  6748 | Temple   | Entered the Ecumenical Temple
  6812 | D:7      | Reached skill level 8 in Dodging
  6921 | D:7      | Reached skill level 9 in Dodging
  7035 | D:7      | Reached skill level 10 in Dodging
  7192 | D:7      | Reached XP level 10. HP: 36/66 MP: 8/16
  7294 | D:7      | Reached **** piety under Hepliaklqana
  7803 | D:8      | Reached skill level 11 in Dodging
  7884 | D:8      | Noticed Joseph
  7895 | D:8      | Killed Joseph
  7896 | D:8      | Reached skill level 12 in Dodging
  7973 | D:8      | Found a flagged portal.
  8073 | Bailey   | Entered a bailey
  8332 | Bailey   | Reached skill level 6 in Fighting
  8691 | D:8      | Reached skill level 13 in Dodging
  8699 | D:8      | Reached skill level 7 in Fighting
  8821 | D:8      | Identified the +1 leather armour "Hegomn" {^Contam rCorr
                  | Int+4 Dex+4}
  8875 | D:8      | Reached XP level 11. HP: 73/76 MP: 8/17
  8889 | D:8      | Reached skill level 8 in Fighting
  8946 | D:8      | Reached skill level 14 in Dodging
  9147 | D:8      | Found a staircase to the Lair.
  9232 | D:8      | Noticed Maurice
  9239 | D:8      | Maurice stole a +3 scimitar
  9244 | D:8      | Killed Maurice
  9399 | D:8      | Found a broken altar of Ashenzari.
  9564 | D:8      | Found a transporter.
  9568 | D:8      | Noticed diceflayer's ghost (novice DsFi)
  9572 | D:8      | Noticed a moth of wrath
  9584 | D:8      | Found a transporter.
 10143 | D:9      | Reached ***** piety under Hepliaklqana
 10215 | D:9      | You are sucked into a shaft and drop 3 floors!
 10222 | D:12     | Noticed a boulder beetle
 10234 | D:12     | Killed a boulder beetle
 10235 | D:12     | Reached skill level 9 in Fighting
 10346 | D:11     | Reached skill level 15 in Dodging
 10367 | D:11     | Learned a level 2 spell: Cigotuvi's Dreadful Rot
 10371 | D:11     | Learned a level 3 spell: Mephitic Cloud
 10478 | D:11     | Found a gate leading to a gauntlet.
 10500 | D:11     | Reached skill level 10 in Fighting
 10592 | Gauntlet | Entered a Gauntlet
 10592 | Gauntlet | Found a transporter.
 10592 | Gauntlet | Found a transporter.
 10597 | Gauntlet | Noticed a death scarab
 10637 | Gauntlet | Found a transporter.
 10637 | Gauntlet | Found a transporter.
 10639 | Gauntlet | Noticed a fire crab
 10647 | Gauntlet | Found a transporter.
 10655 | Gauntlet | Noticed a ghost crab
 10657 | Gauntlet | Found a transporter.
 10657 | Gauntlet | Found a transporter.
 10657 | Gauntlet | Noticed a dire elephant
 10659 | Gauntlet | Noticed a thrashing horror
 10661 | Gauntlet | Found a transporter.
 10696 | Gauntlet | Found a transporter.
 10703 | Gauntlet | Found a transporter.
 10727 | Gauntlet | Found a transporter.
 10749 | Gauntlet | Found a transporter.
 10788 | Gauntlet | Found a transporter.
 10804 | Gauntlet | Found a transporter.
 10902 | Gauntlet | Found a transporter.
 10921 | Gauntlet | Found a transporter.
 11122 | Gauntlet | HP: 1/70 [laughing skull/bolt of negative energy (19)]
 11125 | Gauntlet | Mangled by a laughing skull

Vanquished Creatures
  A boulder beetle (D:12)
  Pikel (D:6)
  Maurice (D:8)
  A kobold demonologist (D:11)
  A komodo dragon (D:8)
  An unseen horror (D:11)
  A hornet (D:8)
  10 yaks
  A wyvern (D:11)
  2 steam dragons
  2 swamp worms (Gauntlet)
  3 water moccasins (D:8)
  9 orc warriors
  2 sky beasts
  2 black bears
  4 ogres
  A centaur (D:5)
  A phantom (D:7)
  A kobold brigand (D:7)
  4 bullfrogs (D:8)
  2 scorpions
  7 wights
  5 killer bees (D:8)
  A bombardier beetle (D:6)
  4 howler monkeys
  3 hounds
  A jelly (D:5)
  4 orc priests
  A gnoll bouda (D:6)
  3 iguanas
  A sleepcap (D:5)
  7 orc wizards
  12 gnolls
  5 shadow imps
  2 ufetubi (D:5)
  2 ribbon worms (D:3)
  A dart slug (D:2)
  27 orcs
  4 ball pythons
  6 endoplasms
  4 giant cockroaches
  8 goblins
  7 hobgoblins
  2 jackals (D:5)
  4 quokkas
  3 bats
  2 frilled lizards (D:1)
  22 kobolds
  2 rats
201 creatures vanquished.

Vanquished Creatures (collateral kills)
  Joseph (D:8)
  An unseen horror (D:11)
  Grinder (D:4)
  A yak (D:11)
  A wyvern (D:9)
  A steam dragon (D:8)
  2 orc warriors
  2 ice beasts (D:7)
  3 black bears
  A lemure (D:6)
  2 centaurs
  A kobold brigand (D:6)
  3 bullfrogs (D:8)
  A scorpion (D:4)
  4 wights
  A killer bee (D:8)
  A howler monkey (D:7)
  An orc priest (D:8)
  2 iguanas
  An orc wizard (D:5)
  An adder (D:2)
  4 orcs
  A hobgoblin (D:2)
  5 kobolds
  A rat (D:2)
43 creatures vanquished.

Vanquished Creatures (others)
  3 knights
3 creatures vanquished.

Grand Total: 247 creatures vanquished
